 Dungeon Crawl Stone Soup version bcrawl-1.37.1 (webtiles) character file.

Game seed: 1905439388783397181

310322 diana the Basher (level 9, -3/82 HPs)
             Began as a Sand Dwarf Gladiator on Oct 16, 2022.
             Killed by divine providence
             ... invoked by an orc priest
              (10 damage)
             ... on level 7 of the Dungeon.
             The game lasted 00:11:41 (6304 turns).

diana the Basher (Sand Dwarf Gladiator)             Turns: 6304, Time: 00:11:41

Health: -3/82      AC: 12    Str: 28    XL:     9   Next: 96%
Magic:  9/9        EV: 14    Int: 10    God:
Gold:   478        SH:  0    Dex:  7    Spells: 8/8 levels left

rFire    . . .     GDR:     27% z - +1 flail (protect)
rCold    . . .     SeeInvis .   (shield restricted)
rNeg     . . .     Gourm    .   p - +0 scale mail
rPois    .         Faith    .   c - +0 helmet
rElec    .         Spirit   .   (no cloak)
rCorr    .         Reflect  .   w - +0 pair of gloves
MR       +....     Rnd*Tele +   b - +0 pair of boots
Stlth    ..........             (no amulet)
HPRegen  0.23/turn              h - ring of teleportation (curse)
MPRegen  0.11/turn              a - ring "Jibigy" {Str+7 Dex-5 Stlth--} (curse)

@: slow
A: small, slowness 1, armour attunement
a: no special abilities


You were on level 7 of the Dungeon.
You were not hungry.

You visited 1 branch of the dungeon, and saw 7 of its levels.
You also visited: Sewer.

You collected 478 gold pieces.

Inventory:

Hand Weapons
 z - a +1 flail of protection (weapon)
Missiles
 d - 10 throwing nets {=f}
Armour
 b - a +0 pair of boots (worn)
 c - a +0 helmet (worn)
 p - a +0 scale mail (worn)
 w - a +0 pair of gloves (worn)
Jewellery
 a - the cursed ring "Jibigy" (right hand) {Str+7 Dex-5 Stlth--}
   (You found it on level 6 of the Dungeon)

   [ring of attention]

   It affects your strength (+7).
   It affects your dexterity (-5).
   It makes you much less stealthy.
   It has a curse placed upon it.
 h - a cursed ring of teleportation (left hand)
Wands
 y - a wand of acid (7)
Scrolls
 i - 3 scrolls of identify
 m - 3 scrolls of enchant weapon
 n - 4 scrolls of amnesia
 q - 2 scrolls of noise
 s - a scroll of blinking
 A - 3 scrolls of immolation
 B - 2 scrolls of enchant armour
Potions
 f - 4 potions of heal wounds
 j - a potion of haste {unknown}
 k - a potion of experience {unknown}
 l - a potion of agility
 o - a potion of cancellation {unknown}
 r - a potion of resistance
 t - a potion of flight
 u - a potion of curing {unknown}
 v - a potion of might {unknown}
 x - a potion of lignification {unknown}
Comestibles
 e - 8 rations {!d}
 C - 2 chunks of flesh


   Skills:
 + Level 8.9 Fighting
 + Level 10.6 Maces & Flails
 - Level 2.0 Throwing
 + Level 8.1 Armour
 + Level 6.2 Dodging


You had 8 spell levels left.
You didn't know any spells.
Your spell library was empty.

Dungeon Overview and Level Annotations

Branches:
Dungeon (7/12)             Temple (0/1) D:7            Lair (0/6) D:7

Altars:
Hepliaklqana
Makhleb
Okawaru
Zin


Innate Abilities, Weirdness & Mutations

You are small and have problems with some larger weapons.
You cover ground slowly.
Armour does not affect your spellcasting.


Message History

As you read the scroll of teleportation, it crumbles to dust.
You feel strangely unstable. The orc warrior closely misses you.
The warg bites you.
* * * LOW HITPOINT WARNING * * *
The warg misses you.
Your surroundings suddenly seem different.
The orc warrior shouts repeatedly.
The jackal skeleton misses you.
You barely miss the jackal skeleton.
The jackal skeleton bites you but does no damage.
As you read the scroll of teleportation, it crumbles to dust.
You feel strangely unstable.
The jackal skeleton bites you but does no damage.
The orc priest invokes the aid of Beogh against you.
Beogh smites you!
* * * LOW HITPOINT WARNING * * *
Your surroundings suddenly seem different.
The orc priest invokes the aid of Beogh against you.
Beogh smites you!
You die...

......#........P.
.................
............>.... ##
.................
#.# ...#...P......
#..#
..##..oo.....##....
##.####.h...###.....
#.....oZ..o..#.....#
#@...o....#......#
#............$....
.....!........##..
...#.......>.......
....##.....=....####
#.##.#..........## #
.. #.......##....#
.. ..
#..PPP.....##.....
>..#.....##....


You could see a warg, an orc warrior, 2 orc priests, an orc and a jackal
skeleton.

Vanquished Creatures
  Sigmund (D:2)
  A hungry ghost (D:6)
  A warg (D:7)
  2 sky beasts
  2 ice beasts
  A phantom (D:6)
  A necrophage (D:5)
  2 ogres
  2 bullfrogs (D:7)
  A kobold brigand (Sewer)
  4 gnoll sergeants
  4 centaurs
  A scorpion (D:7)
  4 orc priests
  A bullfrog zombie (D:5)
  3 crimson imps
  6 hounds
  3 gnoll shamans (D:5)
  A bullfrog skeleton (D:5)
  Terence (D:2)
  2 iguanas
  5 orc wizards
  3 worker ants
  2 hound skeletons
  13 adders
  20 gnolls (D:5)
  2 river rats (Sewer)
  2 shadow imps (D:5)
  2 adder zombies (D:5)
  An adder skeleton (D:6)
  4 worms
  A dart slug (D:1)
  4 leopard geckos
  13 orcs
  4 giant cockroaches
  3 goblins
  13 hobgoblins
  12 jackals
  4 quokkas
  2 bats (D:1)
  8 frilled lizards
  11 kobolds
  A quokka skeleton (D:5)
  9 rats
183 creatures vanquished.

Notes
Turn   | Place    | Note
-------+----------+-------------------------------------------
     0 | D:1      | diana the Sand Dwarf Gladiator began the quest for the Orb.
     0 | D:1      | Reached XP level 1. HP: 19/19 MP: 1/1
   195 | D:1      | Reached XP level 2. HP: 27/27 MP: 2/2
   239 | D:1      | Reached skill level 1 in Armour
   443 | D:1      | Reached XP level 3. HP: 33/33 MP: 3/3
   717 | D:2      | Noticed Sigmund
   732 | D:2      | Killed Sigmund
   733 | D:2      | Reached skill level 5 in Maces & Flails
   733 | D:2      | Reached XP level 4. HP: 20/41 MP: 4/4
   733 | D:2      | Reached XP level 5. HP: 23/47 MP: 5/5
   810 | D:2      | Noticed Terence
   843 | D:2      | Killed Terence
   844 | D:2      | Reached skill level 6 in Maces & Flails
  1339 | D:2      | Reached skill level 5 in Fighting
  1339 | D:2      | Reached XP level 6. HP: 55/56 MP: 6/6
  1372 | D:3      | Found a glowing drain.
  1488 | Sewer    | Entered a sewer
  1679 | Sewer    | Found a white marble altar of Elyvilon.
  2036 | D:3      | Reached XP level 7. HP: 61/61 MP: 7/7
  2200 | D:3      | Reached skill level 7 in Maces & Flails
  3353 | D:4      | Reached skill level 5 in Armour
  3515 | D:4      | Reached XP level 8. HP: 67/70 MP: 8/8
  3628 | D:4      | Found a glowing silver altar of Zin.
  3778 | D:5      | Entered Level 5 of the Dungeon
  3860 | D:5      | Reached skill level 8 in Maces & Flails
  4275 | D:5      | Found a burning altar of Makhleb.
  4507 | D:5      | Reached skill level 5 in Dodging
  4619 | D:5      | Reached skill level 9 in Maces & Flails
  4650 | D:5      | Reached XP level 9. HP: 16/79 MP: 9/9
  5352 | D:5      | Found a hazy altar of Hepliaklqana.
  5950 | D:6      | Got a vibrating bronze ring
  5951 | D:6      | Identified the cursed ring "Jibigy" {Str+7 Dex-5 Stlth--}
                  | (You found it on level 6 of the Dungeon)
  6004 | D:6      | Reached skill level 10 in Maces & Flails
  6274 | D:7      | Found a staircase to the Ecumenical Temple.
  6283 | D:7      | Found a staircase to the Lair.
  6304 | D:7      | Found an iron altar of Okawaru.
  6304 | D:7      | Killed from afar by an orc priest

Skill      XL: |  1  2  3  4  5  6  7  8  9 |
---------------+----------------------------+-----
Armour         | 1 2 3 4 5 6 8 |  8.1
Fighting       | 4 5 6 7 8 |  8.9
Maces & Flails | 5 6 7 9 10 | 10.6
Dodging        | 3 4 5 6 |  6.2
Throwing       | |  2.0

Action                   |  1- 3 |  4- 6 |  7- 9 || total
-------------------------+-------+-------+-------++-------
Melee: Flail             |    68 |   155 |   559 ||   782
Evoke: Wand              |       |       |     1 ||     1
  Use: Scroll            |       |     4 |     7 ||    11
       Potion            |       |       |     3 ||     3
  Eat: Chunk             |     1 |    10 |    28 ||    39
       Ration            |       |       |     1 ||     1
Armor: Leather armour    |    18 |     3 |       ||    21
       Scale mail        |       |    58 |   261 ||   319
Dodge: Dodged            |    52 |   125 |   551 ||   728
